 Dungeon Crawl Stone Soup version 0.25-a0-1073-gf4359a17dd (webtiles) character file.

Game seed: 16963845177350806821, levelgen mode: deterministic

187 Flugslaktarn the Shield-Bearer (level 5, -12/49 HPs)
             Began as a Deep Dwarf Fighter on May 14, 2020.
             Mangled by Prince Ribbit (15 damage)
             ... on level 6 of the Dungeon.
             The game lasted 00:00:37 (962 turns).

Flugslaktarn the Shield-Bearer (Deep Dwarf Fighter)  Turns: 962, Time: 00:00:37

Health: -12/49     AC:  7    Str: 21    XL:     5   Next: 39%
Magic:  4/4        EV:  7    Int:  8    God:
Gold:   108        SH:  9    Dex: 12    Spells: 4/4 levels left

rFire    . . .     SeeInvis .   a - +0 war axe
rCold    . . .     Gourm    .   c - +0 kite shield
rNeg     . . .     Faith    .   b - +0 scale mail
rPois    .         Spirit   .   (no helmet)
rElec    .         Reflect  .   (no cloak)
rCorr    .         Harm     .   (no gloves)
MR       .....                  (no boots)
Stlth    ..........             (no amulet)
HPRegen  0.00/turn              (no ring)
MPRegen  0.09/turn              (no ring)

@: non-regenerating
A: damage resistance, heal wounds, sense surroundings 1, no regeneration
a: Heal Wounds


You were on level 6 of the Dungeon.
You were not hungry.

You visited 1 branch of the dungeon, and saw 6 of its levels.

You collected 108 gold pieces.

Inventory:

Hand Weapons
 a - a +0 war axe (weapon)
Armour
 b - a +0 scale mail (worn)
 c - a +0 kite shield (worn)
Wands
 h - a wand of paralysis (10)
   (You found it on level 4 of the Dungeon)
Scrolls
 g - 5 scrolls of remove curse {unknown}
 i - a scroll of fog {unknown}
 j - 2 scrolls of immolation {unknown}
 n - a scroll of enchant armour {unknown}
Potions
 d - 2 potions of might
 f - a potion of curing {unknown}
 k - 2 potions of stabbing {unknown}
 m - a potion of heal wounds {unknown}
 o - a potion of ambrosia {unknown}
Comestibles
 e - 3 rations
 l - 2 chunks of flesh


   Skills:
 + Level 3.4 Fighting
 * Level 4.2 Axes
 + Level 4.1 Armour
 + Level 4.2 Shields


You had 4 spell levels left.
You didn't know any spells.
Your spell library was empty.

Dungeon Overview and Level Annotations

Branches:
Dungeon (5/15)
 Temple: D:4-7

Altars:

Shops:
D:4 [

Annotations:
D:6 Prince Ribbit


Innate Abilities, Weirdness & Mutations

You are resistant to damage.
You can heal yourself by infusing magical energy.
You passively map a small area around you.
You do not regenerate.


Message History

The bullfrog zombie hits you but does no damage.
Prince Ribbit hits you! You block the bullfrog zombie's attack.
Something hits you but does no damage.
You miss Prince Ribbit.
Prince Ribbit is moderately wounded.
You closely miss the bullfrog zombie. You miss something.
You block Prince Ribbit's attack. The bullfrog zombie barely misses you.
You block Prince Ribbit's attack. Something hits you but does no damage.
Your shield and scale mail prevent you from hitting Prince Ribbit.
Prince Ribbit is moderately wounded.
You hit the bullfrog zombie. You hit something.
The bullfrog zombie hits you but does no damage.
Prince Ribbit hits you!
* * * LOW HITPOINT WARNING * * *
You hear some strange, mumbled words.
A puff of flame appears from out of thin air!
The puff of flame hits you.
* * * LOW HITPOINT WARNING * * *
The bullfrog zombie closely misses you. Prince Ribbit hits you!
You die...

# * * , ,
..........# +,
.........# * *
........# ,, ,,* ,
,,.......# , ,
......# , , , ..# *
#....# ########..#
#Z{F.# , '.....#...#
#†@..# * #.....#...#
#..:!# #######...#
#....# .#.).#... *
#....#
.##.##.########....#
*
..#'#..##..........#
#.........#####.####
* #.###.#.#...# #.#
#.###.#.###.# #.# <


You could see Prince Ribbit and a bullfrog zombie.

Vanquished Creatures
  A crimson imp (D:6)
  Ijyb (D:4)
  2 worker ants
  5 adders
  A shadow imp (D:6)
  A worm (D:4)
  A dart slug (D:4)
  3 leopard geckos
  2 orcs (D:6)
  2 giant cockroaches
  A goblin (D:2)
  A bat (D:1)
  2 frilled lizards
  A leopard gecko skeleton (D:4)
  3 rats
27 creatures vanquished.

Notes
Turn   | Place    | Note
-------+----------+-------------------------------------------
     0 | D:1      | Flugslaktarn the Deep Dwarf Fighter began the quest for the
                  | Orb.
     0 | D:1      | Reached XP level 1. HP: 20/20 MP: 1/1
    49 | D:2      | Reached XP level 2. HP: 22/27 MP: 2/2
   271 | D:4      | Reached XP level 3. HP: 18/34 MP: 3/3
   466 | D:4      | Found Qotixap's Armour Emporium.
   521 | D:4      | Reached XP level 4. HP: 38/42 MP: 3/3
   638 | D:4      | Noticed Ijyb
   650 | D:4      | Killed Ijyb
   848 | D:5      | Entered Level 5 of the Dungeon
   859 | D:5      | You fall into a shaft and drop 1 floor!
   877 | D:6      | Reached XP level 5. HP: 35/49 MP: 4/4
   951 | D:6      | Noticed Prince Ribbit
   962 | D:6      | Mangled by Prince Ribbit

Illustrated notes

Levels and vault maps discovered:
D:1:      saegor_arrival_miasma, layout_loops_corners
D:2:      layout_rooms, gammafunk_temple_overflow_pools
D:3:      layout_basic, lemuel_coloured_pillars_altar,
          overflow_temple_1_default, uniq_sigmund
D:4:      layout_basic, serial_shops, nicolae_shop_behind_doors, uniq_ijyb
D:5:      minmay_general_purpose_star, layout_basic, lemuel_doored_altar,
          amethyst_overflow_temple_binary, minmay_temple_entry_drinking_statues,
          first_ration
D:6:      layout_basic, grunt_temple_overflow_holy_war,
          biasface_ghost_orc_armoury, minmay_divided_ellipse,
          uniq_prince_ribbit1

Skill      XL: |  1  2  3  4 |
---------------+-------------+-----
Axes           | 3 4 |  4.2
Fighting       | 3 |  3.4
Armour         | 4 |  4.1
Shields        | 4 |  4.2

Action                   |  1- 3 |  4- 6 || total
-------------------------+-------+-------++-------
Melee: War axe           |    60 |    55 ||   115
 Abil: Heal Wounds       |     1 |     1 ||     2
Armor: Scale mail        |    35 |    31 ||    66
Dodge: Dodged            |    18 |    18 ||    36
Block: Kite shield       |    35 |    34 ||    69

Table legend:
 A = Non-vault XP
 B = Vault XP
 C = Vault XP percentage of total XP
 D = Non-vault monster count
 E = Vault monster count
 F = Vault count percentage of total count
                 A         B        C        D         E       F
            +---------+---------+-------+---------+---------+-------
      Total |     175 |      93 |  34.7 |      23 |       4 |  14.8
            +---------+---------+-------+---------+---------+-------
        D:1 |       1 |       0 |   0.0 |       1 |       0 |   0.0
        D:2 |      17 |       0 |   0.0 |       4 |       0 |   0.0
        D:3 |      18 |       0 |   0.0 |       4 |       0 |   0.0
        D:4 |      81 |      36 |  30.8 |      10 |       1 |   9.1
        D:6 |      58 |      57 |  49.6 |       4 |       3 |  42.9
            +---------+---------+-------+---------+---------+-------
